 Dungeon Crawl Stone Soup version 0.31-a0-844-gdc52ec4e09 (webtiles) character file.

Game seed: 7686285664659410572

316 LeprechaunX the Changeling (level 6, -1/41 HPs)
             Began as an Octopode Shapeshifter on Sept 28, 2023.
             Slain by a gnoll
             ... wielding a +0 flail
              (7 damage)
             ... on level 3 of the Dungeon.
             The game lasted 00:01:49 (2279 turns).

LeprechaunX the Changeling (Octopode Shapeshifter)  Turns: 2279, Time: 00:01:50

Health: -1/41      AC:  1    Str: 21    XL:     6   Next: 44%
Magic:  6/6        EV: 13    Int: 12    God:
Gold:   170        SH:  0    Dex: 12    Spells: 5/5 levels left

rFire   . .          .
                       - Unarmed
rCold   . . .        (no shield)
rNeg    . . .        (helmet currently unavailable)
rPois   .            (no amulet)
rElec   .            h - +6 ring of strength
rCorr   .            (no ring)
SInv    .            (no ring)
Will    .....        (no ring)
Stlth   ++           (no ring)
HPRegen 0.26/turn    (no ring)
MPRegen 0.10/turn    (no ring)
                     (no ring)

%: no passive effects
@: beast-form
A: beast (slay +2), almost no armour, amphibious, 8 rings, camouflage 1,
gelatinous body 1, (nimble swimmer 1), tentacles
a: Begin Untransformation


You were on level 3 of the Dungeon.
You were a hulking beast.
You visited 1 branch of the dungeon, and saw 3 of its levels.

You collected 170 gold pieces.

Inventory:

Missiles
 m - 3 curare-tipped darts
Jewellery
 h - a +6 ring of strength (left tentacle)
Talismans
 b - a beast talisman (active)
 c - a flux talisman
Scrolls
 d - a scroll of poison {unknown}
 e - 3 scrolls of teleportation {unknown}
 f - a scroll of fog {unknown}
 g - 3 scrolls of identify {unknown}
 i - a scroll of vulnerability {unknown}
Potions
 a - 2 potions of lignification
 j - a potion of curing {unknown}
 k - a potion of ambrosia {unknown}
 l - a potion of haste {unknown}
 n - a potion of enlightenment {unknown}


   Skills:
 + Level 2.8 Fighting
 + Level 3.3 Dodging
 + Level 4.1 Unarmed Combat
 * Level 4.7 Shapeshifting


You had 5 spell levels left.
You didn't know any spells.
Your spell library contained the following spells:

 Spells                   Type           Power      Damage    Failure   Level
 Magic Dart               Conj           0%         1d3       32%         1
 Sandblast                Erth           0%         2d4       32%         1
 Shock                    Conj/Air       0%         1d3       32%         1
 Call Imp                 Summ           0%         N/A       45%         2
 Passwall                 Tmut/Erth      0%         N/A       45%         2
 Mephitic Cloud           Conj/Pois/Air  0%         N/A       69%         3
 Stone Arrow              Conj/Erth      0%         3d7       69%         3
 Swiftness                Air            0%         N/A       69%         3
 Airstrike                Air            0%         2d(0-16)  97%         4
 Brom's Barrelling Bould  Conj/Erth      0%         2d3       97%         4
 Fireball                 Conj/Fire      0%         3d3       100%        5
 Iskenderun's Battlesphe  Conj           0%         2d6       100%        5
 Conjure Ball Lightning   Conj/Air       0%         3x3d6     100%        6
 Orb of Destruction       Conj           0%         9d5       100%        7


Dungeon Overview and Level Annotations

Branches:
Dungeon (3/15)

Altars:

Shops:
D:3 !


Innate Abilities, Weirdness & Mutations

You are a hulking beast.
Your limbs bulge with bestial killing power. (Slay +2)
You cannot wear most types of armour.
You are amphibious.
You can wear up to eight rings at the same time.
Your skin changes colour to match your surroundings (Stealth+).
Your rubbery body absorbs attacks. (AC +1, EV +1)
((You are camouflaged when in or above water. (Stealth+)))
You have tentacles for arms and can constrict up to eight enemies at once.


Message History

You kill the jackal!
The jackal barely misses you. The jackal closely misses you.
The jackal barely misses you. The jackal completely misses you.
The jackal misses you.
You tentacle-slap the endoplasm.
You kill the endoplasm!
The jackal bites you but does no damage. x2
The jackal bites you.
You tentacle-slap the gnoll. You grab the gnoll.
The gnoll is heavily wounded.
You constrict the gnoll. The jackal bites you. The jackal closely misses you.
The jackal bites you. The jackal misses you. The gnoll hits you with a +0 club.
You bludgeon the gnoll!
You kill the gnoll!
The jackal bites you but does no damage.
The jackal bites you. The jackal misses you. The jackal barely misses you.
You are too injured to fight recklessly!
You are too injured to fight recklessly!
You are too injured to fight recklessly!
You are too injured to fight recklessly!
You are too injured to fight recklessly!
You are too injured to fight recklessly!
You are too injured to fight recklessly!
You are too injured to fight recklessly!
You are too injured to fight recklessly!
You are too injured to fight recklessly!
You are too injured to fight recklessly!
You are too injured to fight recklessly!
Unknown command.
An orc comes into view. It is wielding a +0 whip.
The jackal misses you.
You see here a +0 club.
The jackal closely misses you. The gnoll attacks as it pursues you!
The gnoll barely misses you. The gnoll attacks as it pursues you!
The gnoll hits you with a +0 flail. The gnoll attacks as it pursues you!
The gnoll hits you with a +0 flail!
* * * LOW HITPOINT WARNING * * *
The jackal closely misses you. The gnoll attacks as it pursues you!
The gnoll hits you with a +0 flail!
You die...

#..........##...........
###...............##....
##...............#+
#.... #................
...... #...............
.##... #...####......##
#... #......#.#......
#... #...)........... .
#.......h.......
#.......g....?..
#.....?.h.......
#.....hh........
#.......####....
#......g####....
#...............
#....††......o..
#............#.


You could see 2 gnolls and 3 jackals.

Vanquished Creatures
  Grinder (D:3)
  An iguana (D:3)
  4 adders (D:2)
  A gnoll (D:3)
  3 worms (D:2)
  6 ball pythons
  6 bats
  7 endoplasms
  A giant cockroach (D:3)
  A goblin (D:3)
  9 hobgoblins
  4 jackals (D:3)
  A quokka (D:2)
  4 kobolds
  5 rats
54 creatures vanquished.

Notes
Turn   | Place    | Note
-------+----------+-------------------------------------------
     0 | D:1      | LeprechaunX the Octopode Shapeshifter began the quest for
                  | the Orb.
     0 | D:1      | Reached XP level 1. HP: 13/13 MP: 1/1
   187 | D:1      | Reached XP level 2. HP: 18/18 MP: 2/2
   620 | D:1      | Reached XP level 3. HP: 21/23 MP: 3/3
  1316 | D:2      | Reached XP level 4. HP: 29/29 MP: 4/4
  1919 | D:3      | Noticed Grinder
  1926 | D:3      | Paralysed by Grinder for 2 turns
  1931 | D:3      | Killed Grinder
  1932 | D:3      | Reached XP level 5. HP: 5/35 MP: 5/5
  1932 | D:3      | Reached XP level 6. HP: 6/41 MP: 6/6
  2128 | D:3      | Found Yvanaor's Distillery.
  2279 | D:3      | Slain by a gnoll

Illustrated notes

Levels and vault maps discovered:
D:1:      saegor_arrival_under_anarchy, layout_loops_corners
D:2:      layout_basic
D:3:      layout_basic, serial_shops, shop, uniq_grinder

Skill      XL: |  1  2  3  4 |
---------------+-------------+-----
Fighting       | 2 |  2.8
Dodging        | 3 |  3.3
Unarmed Combat | 4 |  4.1
Shapeshifting  | 4 |  4.7

Action                     |  1- 3 |  4- 6 || total
---------------------------+-------+-------++-------
  Melee: Unarmed           |    62 |    42 ||   104
         Constrict         |    16 |     9 ||    25
         Tentacles         |    10 |     8 ||    18
         Punch             |     2 |     1 ||     3
   Stab: Sleeping          |     4 |     4 ||     8
 Armour: Skin              |    30 |    32 ||    62
  Dodge: Dodged            |    30 |    38 ||    68

Table legend: (Time is in decaauts)
 A = Elapsed time spent in this place.
 B = Non-inter-level travel time spent in this place.
 C = Inter-level travel time spent in this place.
 D = Time resting spent in this place.
 E = Time spent auto-exploring this place.
 F = Levels seen in this place.
 G = Mean time per level.
                   A        B        C        D        E       F      G
               +--------+--------+--------+--------+--------+-----+--------+
         Total |   2270 |   2194 |     76 |    132 |   1749 |   3 |  756.7 |
       Dungeon |   2270 |   2194 |     76 |    132 |   1749 |   3 |  756.7 |
               +--------+--------+--------+--------+--------+-----+--------+

Top non-repeatable levels by time:
     D:1: 1006 daAuts
     D:2: 863 daAuts
     D:3: 400 daAuts
